 Dungeon Crawl Stone Soup version 0.17.0 (console) character file.

53 siepu the Magician (level 3, -3/24 HPs)
             Began as a Mummy Wanderer on Nov 6, 2015.
             Slain by a hobgoblin
             ... wielding a +2 quarterstaff of holy wrath
              (5 damage)
             ... on level 2 of the Dungeon.
             The game lasted 00:06:17 (1544 turns).

siepu the Magician (Mummy Wanderer)                 Turns: 1544, Time: 00:06:17

Health: -3/24      AC:  8    Str: 13    XL:     3   Next: 64%
Magic:  6/7        EV:  9    Int: 12    God:
Gold:   101        SH:  0    Dex: 10    Spells: 1 memorised, 7 levels left

rFire  x . .     SeeInvis .     b - +0 hand axe
rCold  + . .     Clarity  .     l - +2 scale mail {MR+}
rNeg   + + +     SustAt   .     (no shield)
rPois  ∞         Gourm    .     (no helmet)
rElec  .         Spirit   .     (no cloak)
rCorr  .         Warding  .     (no gloves)
rMut   .         Stasis   .     (no boots)
MR     +....                    (no amulet)
Stlth  ..........               (no ring)
                                h - -3 ring of strength (curse)

@: very slightly contaminated, somewhat resistant to hostile enchantments,
extremely unstealthy
A: no food or potions, fire vulnerability, cold resistance 1, negative energy
resistance 3, torment resistance, unbreathing
a: no special abilities


You were on level 2 of the Dungeon.
You were not hungry.

You visited 1 branch of the dungeon, and saw 2 of its levels.

You collected 101 gold pieces.

Inventory:

Hand Weapons
 b - a +0 hand axe (weapon)
Missiles
 k - 5 tomahawks (quivered)
Armour
 c - a +0 ring mail
 l - a +2 scale mail of magic resistance (worn)
Jewellery
 h - a cursed -3 ring of strength (left hand)
Scrolls
 d - a scroll of teleportation {unknown}
 e - a scroll of random uselessness {unknown}
 f - a scroll of immolation {unknown}
 g - a scroll of noise {unknown}
 i - a scroll of identify {unknown}
 j - a scroll of fog {unknown}
 m - a scroll of remove curse {unknown}
Books
 a - a book of Minor Magic

   Spells                             Type                      Level
   a - Magic Dart                     Conjuration                  1
   b - Blink                          Translocation                2
   c - Call Imp                       Summoning                    2
   d - Repel Missiles                 Charms/Air                   2
   e - Slow                           Hexes                        2
   f - Conjure Flame                  Conjuration/Fire             3
   g - Mephitic Cloud                 Conjuration/Poison/Air       3


   Skills:
 - Level 0.2 Fighting
 - Level 2.4 Axes
 - Level 1.0 Throwing
 - Level 1.5 Armour
 - Level 0.7 Dodging
 - Level 1.0 Stealth
 + Level 3.0 Spellcasting
 * Level 1.3 Conjurations
   Level 1.0 Translocations


You had 7 spell levels left.
You knew the following spells:

 Your Spells              Type           Power        Failure   Level  Hunger
a - Magic Dart            Conj           #...         71%         1    N/A

Dungeon Overview and Level Annotations

Branches:
Dungeon (2/15)

Altars:
Elyvilon


Innate Abilities, Weirdness & Mutations

You do not eat or drink.
Your flesh is vulnerable to fire.
You are immune to poison.
Your flesh is cold resistant.
You are immune to negative energy.
You are immune to unholy pain and torment.
You can survive without breathing.


Message History

The hobgoblin is severely wounded.
The hobgoblin hits you with a quarterstaff of holy wrath.
* * * LOW HITPOINT WARNING * * *
You convulse.
* * * LOW HITPOINT WARNING * * *
You barely miss the hobgoblin.
The hobgoblin is severely wounded.
The hobgoblin hits you but does no damage.
You hit the hobgoblin but do no damage.
The hobgoblin is severely wounded.
The hobgoblin closely misses you.
Casting: Magic Dart
Confirm with . or Enter, or press ? or * to list all spells.
Aiming: Magic Dart
Press: ? - help, Shift-Dir - straight line, f - hobgoblin
Aim: a hobgoblin, wielding a quarterstaff of holy wrath and wearing a chain mail (severely wounded)
The magic dart hits the hobgoblin.
The hobgoblin is severely wounded.
The hobgoblin hits you with a quarterstaff of holy wrath.
You die...

........%## #.
#..≈≈♣≈≈....
..#........ . #.#
##..≈≈≈≈≈..#.
.##...##.##
#.###.###....≈≈≈...#
....#......
........g##.......##
###...###.#
#......K####......#
#†.## #.# ######r.#
##.##.# #..# #.# #..#
... ###..#
#.########..# ##.
.....# #......!@g..#
.###.# #.#########.#
.# #.# #.# #.# .# #.#
#.# #.# .###.####.#
#.#
..........#########.#
.#########...^.... .#
.# #.#######
.#########.#


You could see a hobgoblin.

Vanquished Creatures
  An adder (D:2)
  An ooze (D:2)
  3 giant geckos (D:1)
  2 giant cockroaches
  6 hobgoblins
  3 kobolds
  8 bats
  2 giant newts
  4 goblins
  6 rats
36 creatures vanquished.

Notes
Turn   | Place    | Note
--------------------------------------------------------------
     0 | D:1      | siepu the Mummy Wanderer began the quest for the Orb.
     0 | D:1      | siepu set off with: a book of Minor Magic, a +0 hand axe, a +0 ring mail
     0 | D:1      | Reached XP level 1. HP: 13/13 MP: 3/3
     2 | D:1      | Learned a level 1 spell: Magic Dart
   180 | D:1      | Reached XP level 2. HP: 11/19 MP: 3/5
  1158 | D:2      | Reached XP level 3. HP: 24/24 MP: 7/7
  1401 | D:2      | Found a white marble altar of Elyvilon.
  1439 | D:2      | Reached skill level 3 in Spellcasting
  1439 | D:2      | Reached skill level 1 in Conjurations
  1544 | D:2      | Slain by a hobgoblin

Action                   || total
-------------------------++-------
Melee: Hand axe          ||   178
 Cast: Magic Dart        ||    15
